 Dungeon Crawl Stone Soup version 0.30.0-29-ga12c61a403 (webtiles) character file.

Game seed: 6189749266707102068

1072 seaoflcl the Chopper (level 8, -4/70 HPs)
             Began as a Minotaur Fighter on June 9, 2023.
             Killed by divine providence
             ... invoked by an orc priest
              (15 damage)
             ... on level 5 of the Dungeon.
             The game lasted 00:04:57 (3973 turns).

seaoflcl the Chopper (Minotaur Fighter)             Turns: 3973, Time: 00:04:57

Health: -4/70      AC: 14    Str: 27    XL:     8   Next: 7%
Magic:  6/6        EV: 13    Int:  2    God:
Gold:   215        SH:  5    Dex: 14    Spells: 7/7 levels left

rFire   . . .        a - +0 war axe
rCold   x . .        c - +0 buckler
rNeg    + . .        t - +0 chain mail
rPois   .            (helmet restricted)
rElec   .            n - +0 cloak
rCorr   .            G - +1 pair of gloves of Protective Custody {Fly rC- rN+ Dex+5}
SInv    .            s - +0 pair of boots
Will    .....        (no amulet) Stlth
                     k - +5 ring of evasion
HPRegen 0.31/turn    (no ring)
MPRegen 0.10/turn

%: no passive effects
@: attractive, flying
A: horns 2, retaliatory headbutt, dopey 1, low MP 1, mutation resistance 1,
strong 1
a: no special abilities


You were on level 5 of the Dungeon.
You visited 1 branch of the dungeon, and saw 5 of its levels.

You collected 215 gold pieces.

Inventory:

Hand Weapons
 a - a +0 war axe (weapon)
 y - a +2 short sword of venom
Missiles
 j - 6 poisoned darts (quivered)
 l - 7 boomerangs
 q - 2 throwing nets
 C - 5 atropa-tipped darts
 D - 4 javelins
Armour
 c - a +0 buckler (worn)
 n - a +0 cloak (worn)
 s - a +0 pair of boots (worn)
 t - a +0 chain mail (worn)
 A - a +0 pair of gloves
 G - the +1 pair of gloves of Protective Custody (worn) {Fly rC- rN+ Dex+5}
   (You found it on level 5 of the Dungeon)

   Dex:       It affects your dexterity (+5).
   rC:        It makes you vulnerable to cold.
   rN:        It protects you from negative energy.
   Fly:       It grants you flight.
Jewellery
 k - a +5 ring of evasion (left hand)
 v - an amulet of the acrobat
Scrolls
 b - 2 scrolls of vulnerability {unknown}
 h - 3 scrolls of identify {unknown}
 m - 2 scrolls of acquirement {unknown}
 r - 2 scrolls of enchant weapon {unknown}
 u - 3 scrolls of teleportation {unknown}
 w - a scroll of silence {unknown}
 z - a scroll of torment {unknown}
 B - a scroll of enchant armour {unknown}
Potions
 d - 2 potions of might
 e - 2 potions of attraction
 f - a potion of degeneration {unknown}
 g - 3 potions of mutation
 i - a potion of curing
 o - 2 potions of lignification {unknown}
 p - a potion of flight {unknown}
 x - 2 potions of magic {unknown}
 E - a potion of resistance {unknown}
 F - 2 potions of heal wounds {unknown}


   Skills:
 + Level 5.8 Fighting
 * Level 6.9 Axes
 + Level 3.3 Throwing
 + Level 5.9 Armour
 + Level 5.9 Shields


You had 7 spell levels left.
You didn't know any spells.
Your spell library contained the following spells:

 Spells                   Type           Power      Damage    Failure   Level
 Blink                    Tloc           0%         N/A       99%         2
 Manifold Assault         Tloc           0%         N/A       100%        4
 Storm Form               Tmut/Air       0%         N/A       100%        7


Dungeon Overview and Level Annotations

Branches:
Dungeon (5/15)
 Temple: D:4-7

Altars:
Gozag
Nemelex Xobeh
Wu Jian

Shops:
D:4 **


Innate Abilities, Weirdness & Mutations

You have a pair of horns on your head.
You reflexively headbutt those who attack you in melee.
You are dopey. (Int -2)
Your magical capacity is low. (-10% MP)
You are somewhat resistant to further mutation.
Your muscles are strong. (Str +4, Int/Dex -1)


Message History

The orc completely misses you.
It was a potion of curing.
You feel better. The orc hits you but does no damage.
The gnoll hits you but does no damage.
You slash the gnoll! You headbutt the gnoll.
You kill the gnoll!
The orc hits you from afar with a +0 trident.
* * * LOW HITPOINT WARNING * * *
The orc is attracted toward you.
You slash the orc!
You kill the orc!
Items here: )))) [.
You start resting.
An orc priest comes into view. It is wielding a +0 falchion.
The orc priest is attracted toward you.
An orc priest is nearby!
An orc priest is nearby!
An orc priest is nearby!
The orc priest shouts!
The orc priest miscasts a cantrip.
The orc priest is attracted toward you.
The orc priest mumbles some strange prayers to Beogh against you.
You struggle to resist.
The orc priest is attracted toward you.
The orc priest invokes the aid of Beogh against you.
Pain shoots through your body!
* * * LOW HITPOINT WARNING * * *
The orc priest is attracted toward you.
The orc priest casts a cantrip, but nothing happens.
The orc priest is attracted toward you.
You closely miss the orc priest.
The orc priest miscasts a cantrip.
You hit the orc priest.
The orc priest is lightly wounded.
The orc priest hits you but does no damage.
You block the orc priest's attack.
You closely miss the orc priest. The orc priest completely misses you.
You hit the orc priest.
The orc priest is lightly wounded.
The orc priest calls down the wrath of Beogh upon you.
Beogh smites you!
You die...

................?.
##.......§).#######
#.###...##.......# .
+.##.....##..###..# .. #
#.......##)## ... #.......##..#
.... #.........##.# .....
#.........##o##......
#####.......#.@.....#
#⌠..####....#....########+##
#......#....#....# #.......#
#......##...#....###.......#
##...#...#...##.....#.......###
#....#...#....#.....'.......'.#
#...##...##...#.....#.......#.#
#.).#...).#.).#.....#.......#.#
#...#.....#...#.....#.......#.#


You could see an orc priest.

Vanquished Creatures
  Pikel (D:4)
  A black bear (D:3)
  An ogre (D:4)
  A lemure (D:4)
  2 scorpions
  An orc priest (D:5)
  3 iguanas
  An orc wizard (D:5)
  9 gnolls
  An ufetubus (D:4)
  2 worms
  5 dart slugs
  4 orcs (D:5)
  7 bats
  9 endoplasms
  A giant cockroach (D:1)
  5 goblins
  7 hobgoblins
  7 jackals
  3 quokkas
  6 ball pythons
  4 frilled lizards
  5 kobolds
  5 rats
91 creatures vanquished.

Notes
Turn   | Place    | Note
-------+----------+-------------------------------------------
     0 | D:1      | seaoflcl the Minotaur Fighter began the quest for the Orb.
     0 | D:1      | Reached XP level 1. HP: 19/19 MP: 0/0
   126 | D:1      | Reached XP level 2. HP: 23/27 MP: 1/1
   229 | D:1      | Reached skill level 3 in Axes
   812 | D:2      | Reached XP level 3. HP: 33/33 MP: 2/2
  1621 | D:3      | Found an ornate altar of the Wu Jian Council.
  1822 | D:3      | Noticed a black bear
  1828 | D:3      | Killed a black bear
  1829 | D:3      | Reached skill level 4 in Axes
  1829 | D:3      | Reached skill level 1 in Throwing
  1829 | D:3      | Reached XP level 4. HP: 13/41 MP: 3/3
  1829 | D:3      | Reached XP level 5. HP: 15/47 MP: 4/4
  2367 | D:4      | Noticed an ogre
  2380 | D:4      | Killed an ogre
  2381 | D:4      | Reached XP level 6. HP: 5/53 MP: 5/5
  2691 | D:4      | Noticed Pikel
  2702 | D:4      | Killed Pikel
  2703 | D:4      | Reached skill level 5 in Fighting
  2703 | D:4      | Reached skill level 6 in Axes
  2703 | D:4      | Reached skill level 5 in Armour
  2703 | D:4      | Reached skill level 5 in Shields
  2703 | D:4      | Reached XP level 7. HP: 28/61 MP: 6/6
  2868 | D:4      | Found Aoenat's Alliterative Accessories.
  3119 | D:4      | Found Zoam's Assorted Antiques.
  3599 | D:5      | Entered Level 5 of the Dungeon
  3658 | D:5      | Found a sparkling altar of Nemelex Xobeh.
  3659 | D:5      | Found an opulent altar of Gozag.
  3888 | D:5      | Identified the +1 pair of gloves of Protective Custody {Fly
                  | rC- rN+ Dex+5}
  3945 | D:5      | Reached XP level 8. HP: 29/70 MP: 7/7
  3960 | D:5      | Gained mutation: You are dopey. (Int -2) [potion of
                  | mutation]
  3960 | D:5      | Gained mutation: Your magical capacity is low. (-10% MP)
                  | [potion of mutation]
  3960 | D:5      | Gained mutation: You are somewhat resistant to further
                  | mutation. [potion of mutation]
  3960 | D:5      | Gained mutation: Your muscles are strong. (Str +4, Int/Dex
                  | -1) [potion of mutation]
  3973 | D:5      | Killed from afar by an orc priest

Illustrated notes

Levels and vault maps discovered:
D:1:      lightli_arrival_quake, layout_basic
D:2:      layout_basic, serial_bayou_pond_d
D:3:      layout_loops_ring, nzn_wu_jian_contemplation
D:4:      nicolae_cairo_tiling, layout_basic, serial_shops,
          nicolae_shop_tiny_statue_garden, supply_closet_lemuel,
          nicolae_alphabet_shops, uniq_pikel
D:5:      kennysheep_spiral_hall, layout_basic, grunt_temple_overflow_opulence

Skill      XL: |  1  2  3  4  5  6  7 |
---------------+----------------------+-----
Axes           | 3 4 6 |  6.9
Shields        | 4 5 |  5.9
Fighting       | 4 5 |  5.8
Armour         | 4 5 |  5.9
Throwing       | 1 2 3 |  3.3

Action                     |  1- 3 |  4- 6 |  7- 9 || total
---------------------------+-------+-------+-------++-------
  Melee: War axe           |    89 |    67 |    43 ||   199
         Headbutt          |    10 |     7 |    10 ||    27
    Use: Potion            |       |       |     3 ||     3
 Armour: Scale mail        |    33 |       |       ||    33
         Chain mail        |    17 |    24 |    19 ||    60
  Dodge: Dodged            |    50 |    42 |    28 ||   120
  Block: Buckler           |    17 |    14 |    13 ||    44
